 Dungeon Crawl Stone Soup version 0.16-a0-2145-g6af420d (webtiles) character file.

1380 ztt the Skirmisher (level 8, -2/73 HPs)
             Began as a Minotaur Fighter on Nov 13, 2014.
             Slain by an ogre
             ... wielding a cursed -1 giant club
              (22 damage)
             ... on level 5 of the Dungeon.
             The game lasted 00:05:38 (3283 turns).

ztt the Skirmisher (Minotaur Fighter)               Turns: 3283, Time: 00:05:38

Health: -2/73      AC:  7    Str: 23    XL:     8   Next: 39%
Magic:  3/3        EV:  7    Int:  5    God:
Gold:   282        SH: 10    Dex: 10    Spells: 0 memorised, 7 levels left

rFire  . . .     SeeInvis .     a - +1 war axe
rCold  . . .     Clarity  .     b - +0 scale mail
rNeg   . . .     SustAb   .     c - +0 shield
rPois  .         Gourm    .     (helmet restricted)
rElec  .         Spirit   .     (no cloak)
rCorr  .         Warding  .     (no gloves)
rMut   .         Stasis   .     (no boots)
MR     .....                    (no amulet)
Stlth  ..........               (no ring)
                                (no ring)

@: not resistant to hostile enchantments, extremely unstealthy
A: retaliatory headbutt, horns 2
a: no special abilities


You were on level 5 of the Dungeon.
You were hungry.

You visited 2 branches of the dungeon, and saw 6 of its levels.
You also visited: Ossuary.

You collected 282 gold pieces.

Inventory:

Hand weapons
 a - a +1 war axe (weapon)
Armour
 b - a +0 scale mail (worn)
 c - a +0 shield (worn)
Jewellery
 B - an uncursed ring of protection from fire {unknown}
Magical devices
 g - a wand of slowing (35)
Scrolls
 f - 5 scrolls of teleportation
 k - a scroll of magic mapping
 n - a scroll of enchant weapon
 r - 3 scrolls of recharging
 u - 2 scrolls of remove curse
 w - 3 scrolls of fear
 y - 3 scrolls of random uselessness {unknown}
 C - a scroll of blinking {unknown}
Potions
 e - a potion of brilliance {unknown}
 h - a potion of mutation
 i - 2 potions of poison {unknown}
 j - 7 potions of curing {unknown}
 l - a potion of resistance
 m - a potion of magic {unknown}
 o - a potion of cancellation {unknown}
 p - 2 potions of confusion {unknown}
 q - 3 potions of agility {unknown}
 s - 2 potions of cure mutation
 x - a potion of berserk rage
 z - a potion of might
Comestibles
 d - a bread ration
 v - 3 meat rations
 A - 5 fruits


   Skills:
 + Level 7.5 Fighting
 + Level 7.4 Axes
 + Level 6.9 Armour
 - Level 2.7 Dodging
 - Level 0.5 Stealth
 - Level 5.0 Shields


You had 7 spell levels left.
You didn't know any spells.

Dungeon Overview and Level Annotations

Branches:
Dungeon (5/15)             Temple (1/1) D:4

Altars:
Ashenzari
Cheibriados
Dithmenos
Elyvilon
Fedhas
Gozag
Kikubaaqudgha
Makhleb
Nemelex Xobeh
Qazlal
Ru
Sif Muna
Trog
Vehumet
Xom
Yredelemnul
Zin
The Shining One


Innate Abilities, Weirdness & Mutations

You reflexively headbutt those who attack you in melee.
You have a pair of horns on your head.


Message History

The ice beast hits you but does no damage.
The ogre hits you with a giant club!
* * * LOW HITPOINT WARNING * * *
The ice beast hits you.
* * * LOW HITPOINT WARNING * * *
The ice beast freezes you!
* * * LOW HITPOINT WARNING * * *
Drink which item? (? for menu, Esc to quit)
You feel much better. The ogre barely misses you. You furiously retaliate!
You headbutt the ogre! The ice beast hits you. The ice beast freezes you!
* * * LOW HITPOINT WARNING * * *
You slash the ogre!
The ogre is almost dead.
You slash the ice beast!
You kill the ice beast!
The ogre closely misses you.
You hit the ogre but do no damage.
The ogre is almost dead.
The ogre hits you with a giant club!!
You die...

.......##
##....##...###...#
........##
##.......## *#..#*
..####...##
##...)..# *##,***
..# ##...##
#.....## **,,**
..#* ##...##
#.....# **,,*
...**
##...###.....##
*,,, ...,**
##...........##
**,, *.,,,**
##...........##
**, ***,,.**
#...<.@......#* *,
**...**
#.....O.###...#*
**
*#...###......##
**,,,* *
*#...........#
*,,,* *
#...........#
**,,*
*#...........#
**,,* *
****#...........##
*,,,* **
,*,,............#
**,,,* *,
,,,,#######.....#
*,,,,* **,


You could see an ogre.

Vanquished Creatures
  The ghost of ztt the Covered, an average MiFi (Ossuary)
  An ice beast (D:5)
  A sky beast (D:5)
  An ogre (D:5)
  2 elf zombies (Ossuary)
  3 centaur zombies (Ossuary)
  An orc priest (D:3)
  A hound (D:4)
  A human zombie (Ossuary)
  A crimson imp (D:5)
  2 giant frog skeletons
  An orc wizard (D:4)
  3 worker ants
  A big kobold zombie (Ossuary)
  2 ogre zombies (Ossuary)
  2 hound skeletons
  6 mummies (Ossuary)
  4 gnolls (D:5)
  A shadow imp (D:5)
  6 adders
  2 worms
  An adder zombie (Ossuary)
  A giant gecko (D:2)
  10 orcs
  2 ball pythons
  4 bats
  5 giant cockroaches
  2 gnoll zombies
  11 hobgoblins
  14 jackals
  2 giant newts
  6 goblins
  4 goblin zombies (Ossuary)
  8 hobgoblin zombies (Ossuary)
  8 kobolds
  A kobold zombie (Ossuary)
  3 quokka zombies (Ossuary)
  7 rats
  3 rat zombies (Ossuary)
135 creatures vanquished.

Notes
Turn   | Place    | Note
--------------------------------------------------------------
     0 | D:1      | ztt, the Minotaur Fighter, began the quest for the Orb.
     0 | D:1      | Reached XP level 1. HP: 19/19 MP: 1/1
   138 | D:2      | Reached XP level 2. HP: 22/27 MP: 1/1
   149 | D:2      | Reached skill level 4 in Armour
   370 | D:2      | Reached XP level 3. HP: 18/33 MP: 2/2
   856 | D:3      | Reached skill level 1 in Dodging
   919 | D:3      | Reached XP level 4. HP: 41/41 MP: 2/2
  1312 | D:3      | Reached XP level 5. HP: 44/47 MP: 2/2
  1383 | D:4      | Found a sand-covered staircase.
  1397 | Ossuary  | Entered an ossuary
  1422 | Ossuary  | Noticed ztt's ghost (average MiFi)
  1438 | Ossuary  | Killed ztt's ghost
  1438 | Ossuary  | Reached skill level 5 in Armour
  1438 | Ossuary  | Reached skill level 5 in Shields
  1438 | Ossuary  | Reached XP level 6. HP: 4/55 MP: 3/3
  1601 | Ossuary  | Reached skill level 5 in Fighting
  1856 | Ossuary  | Reached skill level 5 in Axes
  1868 | Ossuary  | Reached XP level 7. HP: 50/61 MP: 3/3
  2006 | Ossuary  | Reached skill level 6 in Fighting
  2370 | D:4      | Found a staircase to the Ecumenical Temple.
  2432 | Temple   | Entered the Ecumenical Temple
  2978 | D:5      | Entered Level 5 of the Dungeon
  2981 | D:5      | Reached XP level 8. HP: 49/71 MP: 3/3
  2983 | D:5      | Reached skill level 7 in Fighting
  3283 | D:5      | Slain by an ogre

Action                   |  1- 3 |  4- 6 |  7- 9 || total
-------------------------+-------+-------+-------++-------
Melee: War axe           |   105 |   117 |   212 ||   434
  Use: Scroll            |     2 |       |    10 ||    12
       Potion            |       |     1 |     1 ||     2
  Eat: Bread ration      |       |     1 |       ||     1
       Beef jerky        |       |     1 |       ||     1
       Chunk             |       |       |     2 ||     2
